 Dungeon Crawl Stone Soup version 0.17.1-2-g5865329 (webtiles) character file.

26931 namelastname112 the Brawler (level 13, 0/118 HPs)
             Began as a Red Draconian Chaos Knight on Jan 23, 2016.
             Slain by a spriggan simulacrum (15 damage)
             ... in an ice cave on Jan 24, 2016.
             The game lasted 00:35:36 (17242 turns).

namelastname112 the Brawler (DrCK)                 Turns: 17242, Time: 00:35:37

Health: 0/118      AC: 13    Str: 16    XL:     13   Next: 1%
Magic:  4/4        EV: 19    Int: 16    God:    Xom [.*....]
Gold:   783        SH:  0    Dex: 18    Spells: 0 memorised, 12 levels left

rFire  + + .     SeeInvis .       - Unarmed
rCold  . . .     Clarity  +     (armour unavailable)
rNeg   . . .     SustAt   .     (no shield)
rPois  +         Gourm    +     (helmet restricted)
rElec  .         Spirit   .     S - +2 cloak {+Inv}
rCorr  .         Warding  .     w - +1 pair of gloves
rMut   .         Rnd*Tele +     (no boots)
MR     .....                    W - amulet of the gourmand
Stlth  +++.......               V - ring of Ohagrie {rPois rF+ MP-9 Int+5 Stlth+}
                                y - +4 ring of dexterity

@: short of breath, slowed, drained, very slow, not resistant to hostile
enchantments, fairly stealthy
A: breathe fire, unfitting armour, horns 1, blink, blurry vision 1, clarity,
dopey 1, fire resistance 1, teleportitis 1, cold-blooded, AC +8
a: Breathe Fire, Blink, Renounce Religion, Evoke Invisibility


You were in an ice cave.
You worshipped Xom.
You were a plaything of Xom.
You were full.

You visited 2 branches of the dungeon, and saw 15 of its levels.
You also visited: Labyrinth and Ice Cave.

You collected 958 gold pieces.
You spent 175 gold pieces at shops.

Inventory:

Missiles
 p - 5 poisoned javelins (quivered)
Armour
 w - a +1 pair of gloves (worn)
 S - a +2 cloak of invisibility (worn)
Jewellery
 y - a +4 ring of dexterity (left hand)
 K - an uncursed amulet of resist mutation
 T - an uncursed ring of flight
 V - the ring of Ohagrie (right hand) {rPois rF+ MP-9 Int+5 Stlth+}
   (You found it in a labyrinth)

   [ring of stealth]

   It affects your intelligence (+5).
   It protects you from fire.
   It protects you from poison.
   It affects your magic capacity (-9).
   It makes you more stealthy.
 W - an amulet of the gourmand (around neck)
 X - an uncursed ring of protection from fire
Wands
 f - a wand of digging (15)
 g - a wand of digging (10)
 m - a wand of lightning (4)
 L - a wand of fire (2)
 M - a wand of paralysis (4)
 N - a wand of heal wounds (4)
Scrolls
 b - 2 scrolls of fear
 j - 3 scrolls of remove curse
 o - a scroll of immolation
 t - a scroll of fog {unknown}
 A - 7 scrolls of recharging
 J - 6 scrolls of teleportation
 Q - a scroll of silence
 R - 4 scrolls of enchant weapon
Potions
 h - 6 potions of curing
 k - 2 potions of flight {unknown}
 l - a potion of ambrosia {unknown}
 n - 2 potions of might {unknown}
 q - 2 potions of resistance
 r - 2 potions of invisibility
 u - 2 potions of haste {unknown}
 v - 2 potions of lignification
 x - a potion of agility
 B - a potion of mutation {unknown}
 D - 2 potions of poison {unknown}
 E - 4 potions of degeneration {unknown}
 O - a potion of magic {unknown}
 P - 2 potions of brilliance {unknown}
Books
 c - a book of Beasts

   Spells                             Type                      Level
   a - Summon Butterflies             Summoning                    1
   b - Call Canine Familiar           Summoning                    3
   c - Summon Ice Beast               Ice/Summoning                4
   d - Summon Mana Viper              Hexes/Summoning              5
   e - Summon Hydra                   Summoning                    7
 e - a book of Maledictions

   Spells                             Type                      Level
   a - Corona                         Hexes                        1
   b - Ensorcelled Hibernation        Hexes/Ice                    2
   c - Confuse                        Hexes                        3
   d - Tukima's Dance                 Hexes                        3
   e - Dazzling Spray                 Conjuration/Hexes            3
Comestibles
 a - 10 bread rations
 d - 4 fruits
 i - 18 meat rations
 s - 3 beef jerkies
 C - 7 royal jellies
 Y - 3 slices of pizza


   Skills:
 + Level 12.0(11.6) Fighting
 + Level 9.9(9.5) Dodging
 + Level 15.8(15.3) Unarmed Combat


You had 12 spell levels left.
You didn't know any spells.

Dungeon Overview and Level Annotations

Branches:
Dungeon (12/15)            Temple (0/1) D:6            Lair (3/8) D:9
    Orc (0/4) D:9
  Swamp: Lair:3-6    Shoals: Lair:3-6     Snake: Lair:3-6    Spider: Lair:3-6

Altars:
Ashenzari
Cheibriados
Dithmenos
Elyvilon
Fedhas
Kikubaaqudgha
Okawaru
Qazlal
Ru
Sif Muna
Vehumet
Zin
The Shining One

Shops:
D:9 *   D:10 [


Innate Abilities, Weirdness & Mutations

You can breathe blasts of fire.
Your fiery red scales are hard (AC +8).
Your body does not fit into most forms of armour.
Your flesh is heat resistant.
You are cold-blooded and may be slowed by cold attacks.
You have a pair of small horns on your head.
You can translocate small distances at will.
Scrolls take you a little longer to read.
You possess an exceptional clarity of mind.
You are dopey. (Int -2)
You are occasionally teleported next to monsters.


Message History

You are momentarily dazzled by a flash of light!
You are now a plaything of Xom.
The spriggan simulacrum hits you!
* * * LOW HITPOINT WARNING * * *
The spriggan simulacrum freezes you!
* * * LOW HITPOINT WARNING * * *
The necromancer is engulfed in roaring flames.
You pummel the necromancer!!
You kill the necromancer!
You have reached level 13!
The spriggan simulacrum closely misses you.
You closely miss the spriggan simulacrum.
You headbutt the spriggan simulacrum, but do no damage.
You tail-slap the spriggan simulacrum, but do no damage.
Drink which item? (? for menu, Esc to quit)
You feel better. The spriggan simulacrum hits you!
* * * LOW HITPOINT WARNING * * *
The spriggan simulacrum freezes you!
You feel yourself slow down.
You die... "It's all fun and games until someone loses an eye."

.### ..##
...## ....##
## #
#....#..# +Z
#......# #p
#......# #..
##Z....#
#..##@b.b###
#..Z[..##
##.ยง.###
##..# ####


You could see 2 spriggan simulacra.

Vanquished Creatures
  A minotaur (Lab)
  3 hydras
  Erica (D:9)
  A ball lightning (D:8)
  4 hill giants
  A giant orange brain (D:12)
  A necromancer (IceCv)
  2 ugly things
  2 cyclopes
  An ice statue (IceCv)
  2 spiny frogs (Lair:1)
  2 gargoyles
  A fire drake (Lair:2)
  5 komodo dragons
  3 two-headed ogres
  A queen bee (D:9)
  3 trolls
  A wolf spider simulacrum (IceCv)
  Prince Ribbit (D:8)
  2 hungry ghosts
  A trapdoor spider (D:12)
  13 yaks
  3 hippogriffs
  2 basilisks
  Grum (D:11)
  2 wyverns (D:10)
  6 water moccasins
  5 porcupines
  9 wolves
  A soldier ant (D:10)
  2 sky beasts
  6 orc warriors
  2 wasps
  A black bear (D:12)
  4 ice beasts
  3 phantoms
  4 necrophages (D:8)
  2 crocodiles
  4 ogres
  2 big kobolds
  4 brain worms (D:12)
  5 centaurs
  3 gnoll sergeants
  11 giant frogs
  2 scorpions
  A wyvern skeleton (D:10)
  35 killer bees
  An elephant simulacrum (IceCv)
  3 crimson imps
  2 centaur zombies
  An electric eel (Lair:1)
  8 hounds
  15 orc wizards
  11 iguanas
  3 giant frog zombies
  2 gnoll shamans (D:9)
  3 jellies
  A polar bear simulacrum (IceCv)
  4 centaur skeletons
  8 orc priests
  10 worker ants
  3 spriggan simulacra (IceCv)
  2 quasits
  A wolf simulacrum (IceCv)
  A troll simulacrum (IceCv)
  2 killer bee zombies
  6 hound skeletons
  A worker ant zombie (D:9)
  Robin (D:3)
  10 adders
  21 gnolls
  10 river rats
  6 shadow imps
  A naga simulacrum (IceCv)
  4 oozes
  2 adder skeletons
  2 adder zombies
  3 worms
  7 giant geckos
  48 orcs
  A ball python (D:7)
  10 bats
  7 giant cockroaches
  17 goblins
  9 hobgoblins
  28 jackals
  7 quokkas
  A giant gecko skeleton (D:8)
  5 giant newts
  A jackal skeleton (D:4)
  15 kobolds
  2 quokka skeletons
  2 quokka zombies
  10 rats
  A bush (D:8)
491 creatures vanquished.

Vanquished Creatures (collateral kills)
  3 yaks (Lair:2)
  A scorpion (D:4)
4 creatures vanquished.

Vanquished Creatures (others)
  A basilisk (Lair:2)
  A bush (Lair:2)
  13 plants
15 creatures vanquished.

Grand Total: 510 creatures vanquished

Notes
Turn   | Place    | Note
--------------------------------------------------------------
     0 | D:1      | namelastname112 the Draconian Chaos Knight began the quest for the Orb.
     0 | D:1      | Reached XP level 1. HP: 19/19 MP: 1/1
    18 | D:1      | XOM: smoke on damage
   140 | D:1      | Reached XP level 2. HP: 20/26 MP: 2/2
   170 | D:1      | XOM: potion effect (brilliance)
   335 | D:1      | Reached skill level 4 in Unarmed Combat
   366 | D:1      | XOM: divination: detect items
   409 | D:1      | XOM: silly message
   506 | D:1      | Reached XP level 3. HP: 31/31 MP: 3/3
   507 | D:1      | XOM: silly message
   907 | D:2      | XOM: divination: magic mapping
  1016 | D:2      | Reached XP level 4. HP: 29/38 MP: 4/4
  1087 | D:2      | Reached skill level 5 in Unarmed Combat
  1160 | D:2      | XOM: silly message
  1172 | D:2      | XOM: harmless Summ miscast
  1511 | D:2      | XOM is BORED!
  1511 | D:2      | XOM: harmless Necr miscast
  1550 | D:3      | Noticed a phantom
  1580 | D:2      | XOM: blink monster(s)
  1625 | D:2      | XOM: potion effect (curing)
  1639 | D:2      | Killed a phantom
  1639 | D:2      | Reached skill level 6 in Unarmed Combat
  1639 | D:2      | Reached XP level 5. HP: 37/45 MP: 5/5
  1853 | D:3      | Found a glowing silver altar of Zin.
  1886 | D:3      | Found a sacrificial altar of Ru.
  2064 | D:3      | Found a radiant altar of Vehumet.
  2118 | D:3      | XOM: blink monster(s)
  2126 | D:3      | Reached XP level 6. HP: 46/51 MP: 6/6
  2140 | D:3      | XOM: harmless Fire miscast
  2240 | D:3      | Noticed Robin
  2258 | D:3      | Killed Robin
  2482 | D:4      | Reached skill level 7 in Unarmed Combat
  2704 | D:4      | Reached skill level 8 in Unarmed Combat
  2708 | D:4      | Gained mutation: Your muscles are strong. (Str +2) [mutagenic meat]
  2709 | D:4      | Gained mutation: Your tail ends in a poisonous barb. [mutagenic meat]
  2879 | D:4      | Your scales start taking on a fiery red colour.
  2879 | D:4      | Gained mutation: Your flesh is heat resistant. [Red Draconian growth]
  2879 | D:4      | Reached XP level 7. HP: 54/57 MP: 7/7
  2966 | D:4      | XOM: polymorph orc -> rat
  3030 | D:4      | XOM: colour smoke trail
  3057 | D:4      | XOM: summons 2 friendly demons
  3105 | D:4      | XOM: mild Chrm miscast
  3235 | D:4      | XOM: cast spell 'Monstrous Menagerie'
  3240 | D:4      | Reached skill level 9 in Unarmed Combat
  3422 | D:4      | XOM: 3-stop teleportation journey
  3433 | D:4      | Found a deep blue altar of Sif Muna.
  3681 | D:5      | Entered Level 5 of the Dungeon
  3777 | D:5      | Reached XP level 8. HP: 63/63 MP: 8/8
  3784 | D:5      | XOM: summons friendly ufetubus
  3794 | D:5      | XOM: noise
  3839 | D:5      | Found a glowing golden altar of the Shining One.
  3909 | D:5      | XOM: noise
  3995 | D:5      | XOM: give mutations
  3995 | D:5      | Gained mutation: Your tail ends in a sharp poisonous barb. [Xom's mischief]
  3995 | D:5      | Gained mutation: You are frail (-10% HP). [Xom's mischief]
  3995 | D:5      | Gained mutation: You tend to lose your temper in combat. [Xom's mischief]
  4092 | D:5      | Reached skill level 10 in Unarmed Combat
  4402 | D:6      | XOM: enchant monster (bad)
  4658 | D:6      | Found an ancient bone altar of Kikubaaqudgha.
  4778 | D:6      | Found a staircase to the Ecumenical Temple.
  4855 | D:6      | Found an iron altar of Okawaru.
  4962 | D:6      | Reached skill level 11 in Unarmed Combat
  5243 | D:7      | XOM: noise
  5256 | D:7      | XOM: cast spell 'Olgreb's Toxic Radiance'
  5270 | D:7      | XOM: silly message
  5473 | D:7      | Reached skill level 12 in Unarmed Combat
  5473 | D:7      | Reached XP level 9. HP: 46/63 MP: 9/9
  5542 | D:7      | XOM: silly message
  5607 | D:7      | XOM: god gift: lead wand {god gift}
  5616 | D:7      | XOM: smoke on damage
  5627 | D:7      | XOM: 2-stop teleportation journey
  5885 | D:7      | XOM: give mutations
  5885 | D:7      | Lost mutation: You tend to lose your temper in combat. [Xom's mischief]
  5885 | D:7      | Gained mutation: You possess an exceptional clarity of mind. [Xom's mischief]
  5885 | D:7      | Gained mutation: You are somewhat resistant to further mutation. [Xom's mischief]
  6168 | D:7      | XOM: colour smoke trail
  6268 | D:7      | Found a snail-covered altar of Cheibriados.
  6270 | D:7      | Found a shadowy altar of Dithmenos.
  6270 | D:7      | Found a stormy altar of Qazlal.
  6584 | D:8      | XOM: give mutations
  6584 | D:8      | Lost mutation: Your tail ends in a sharp poisonous barb. [Xom's mischief]
  6584 | D:8      | Gained mutation: You are occasionally teleported next to monsters. [Xom's mischief]
  6584 | D:8      | Lost mutation: Your muscles are strong. (Str +2) [Xom's mischief]
  6594 | D:8      | XOM: colour smoke trail
  6617 | D:8      | XOM: summons friendly quasit
  6890 | D:8      | Noticed Prince Ribbit
  6897 | D:8      | Killed Prince Ribbit
  6952 | D:8      | XOM: severe Air miscast
  6953 | D:8      | Noticed a ball lightning
  6953 | D:8      | Killed a ball lightning
  6956 | D:8      | XOM: fog
  6959 | D:8      | XOM: blink monster(s)
  6986 | D:8      | Reached skill level 5 in Fighting
  6986 | D:8      | Reached skill level 13 in Unarmed Combat
  7318 | D:8      | Reached XP level 10. HP: 49/73 MP: 10/10
  7478 | D:8      | XOM: give mutations
  7478 | D:8      | Lost mutation: Your tail ends in a poisonous barb. [Xom's mischief]
  7478 | D:8      | Gained mutation: You can translocate small distances at will. [Xom's mischief]
  7478 | D:8      | Lost mutation: You are somewhat resistant to further mutation. [Xom's mischief]
  7506 | D:8      | Found a blossoming altar of Fedhas.
  7592 | D:8      | XOM: noise
  7665 | D:9      | XOM: butterfly on damage
  7678 | D:10     | Entered Level 10 of the Dungeon
  7835 | D:9      | Found a staircase to the Orcish Mines.
  7997 | D:10     | XOM: divination: magic mapping
  8069 | D:10     | Reached skill level 5 in Dodging
  8081 | D:10     | XOM: harmless Trmt miscast
  8242 | D:10     | XOM: colour smoke trail
  8259 | D:10     | XOM: give mutations
  8259 | D:10     | Lost mutation: You are frail (-10% HP). [Xom's mischief]
  8259 | D:10     | Gained mutation: You are dopey. (Int -2) [Xom's mischief]
  8259 | D:10     | Gained mutation: Scrolls take you a little longer to read. [Xom's mischief]
  8318 | D:10     | Noticed a hill giant
  8319 | D:10     | XOM: 4-stop teleportation journey
  8327 | D:10     | XOM: noise
  8328 | D:10     | Killed a hill giant
  8368 | D:10     | XOM: divination: detect items
  8369 | D:10     | XOM: noise
  8379 | D:10     | XOM: noise
  8383 | D:10     | XOM: 1-stop teleportation journey
  8565 | D:10     | XOM: chaos upgrade
  8566 | D:10     | XOM: butterfly on damage
  8628 | D:10     | Noticed a hill giant
  8635 | D:10     | XOM: mild Hex miscast
  8644 | D:10     | Killed a hill giant
  8680 | D:10     | XOM: 1-stop teleportation journey
  8692 | D:10     | XOM: enchant monster (bad)
  8769 | D:10     | Noticed a purple ugly thing
  8780 | D:10     | Killed a purple ugly thing
  8783 | D:10     | Reached skill level 14 in Unarmed Combat
  8829 | D:10     | XOM: 1-stop teleportation journey
  8840 | D:10     | Reached XP level 11. HP: 48/94 MP: 11/11
  8954 | D:10     | XOM: colour smoke trail
  8961 | D:10     | XOM: medium Fire miscast
  9007 | D:10     | XOM: harmless Fire miscast
  9169 | D:10     | XOM: colour smoke trail
  9387 | D:10     | Found Sesiop's Antique Armour Boutique.
  9390 | D:10     | Bought an embroidered cloak for 130 gold pieces
  9425 | D:10     | XOM: colour smoke trail
  9648 | D:10     | XOM: summons 5 hostile demons
  9943 | D:11     | Noticed a hill giant
  9949 | D:11     | XOM: chaos upgrade
  9953 | D:11     | Killed a hill giant
  9971 | D:11     | Found a labyrinth entrance.
  9978 | Lab      | Entered a labyrinth
 10046 | Lab      | XOM: medium Divn miscast
 10140 | Lab      | Noticed a minotaur
 10148 | Lab      | Killed a minotaur
 10160 | Lab      | Got a pitted pewter ring
 10163 | Lab      | Identified the ring of Ohagrie {rPois rF+ MP-9 Int+5 Stlth+} (You found it in a labyrinth)
 10356 | D:11     | Noticed a hill giant
 10362 | D:11     | XOM: confuse monster(s)
 10367 | D:11     | XOM: enchant monster (bad)
 10374 | D:11     | Killed a hill giant
 10377 | D:11     | XOM: vitrification
 10461 | D:11     | XOM: 5-stop teleportation journey
 10765 | D:11     | XOM: give mutation
 10765 | D:11     | Gained mutation: You have a pair of small horns on your head. [Xom's grace]
 10776 | D:11     | XOM: summons friendly shadow imp
 10777 | D:11     | XOM: fog
 11105 | D:11     | XOM: enchant monster (good)
 11106 | D:11     | XOM: mild Air miscast
 11107 | D:11     | Noticed Grum
 11130 | D:11     | XOM: god gift: scroll of recharging
 11140 | D:11     | Killed Grum
 11352 | D:11     | XOM: colour smoke trail
 11505 | D:11     | XOM: mild Hex miscast
 11619 | D:12     | XOM: enchant monster (good)
 11831 | D:12     | XOM: enchant monster (bad)
 11844 | D:12     | XOM: 1-stop teleportation journey
 11882 | D:12     | Reached skill level 10 in Fighting
 11883 | D:12     | XOM: mild Ice miscast
 12036 | D:12     | XOM: summons 4 hostile demons
 12147 | D:12     | XOM: destruction
 12166 | D:12     | XOM: noise
 12177 | D:12     | XOM: draining
 12180 | D:12     | Noticed a hill giant
 12377 | D:12     | XOM: mild Necr miscast
 12439 | D:12     | Noticed a giant orange brain
 12445 | D:12     | Reached XP level 12. HP: 106/106 MP: 3/12
 12449 | D:12     | XOM: vitrification
 12451 | D:12     | Killed a giant orange brain
 12676 | D:9      | XOM: chaos upgrade
 12714 | D:9      | XOM: noise
 12737 | D:9      | Found a white marble altar of Elyvilon.
 12745 | D:9      | Reached skill level 15 in Unarmed Combat
 12762 | D:9      | XOM: summons 2 friendly demons
 12821 | D:9      | XOM: polymorph orc -> kobold
 12919 | D:9      | Noticed Erica
 12937 | D:9      | XOM: smoke on damage
 12964 | D:9      | Killed Erica
 13167 | D:9      | XOM: vitrification
 13616 | D:9      | XOM: divination: detect creatures
 13681 | D:9      | XOM: vitrification
 13695 | D:9      | Found a shattered altar of Ashenzari.
 13710 | D:9      | Found Rannawno's General Store.
 13718 | D:9      | Bought a potion of curing for 45 gold pieces
 13746 | D:9      | Found a staircase to the Lair.
 13806 | D:9      | XOM: swap monsters
 14044 | Lair:1   | Entered Level 1 of the Lair of Beasts
 14050 | Lair:1   | XOM: divination: detect items
 14148 | Lair:1   | XOM: fake destruction
 14319 | Lair:1   | XOM: fog
 14346 | Lair:1   | XOM: summons friendly ufetubus
 14399 | Lair:1   | Noticed a six-headed hydra
 14403 | Lair:1   | XOM: divine lightning (protected)
 14404 | Lair:1   | Killed a six-headed hydra
 14598 | Lair:1   | XOM is BORED!
 14598 | Lair:1   | XOM: mild Divn miscast
 14692 | Lair:1   | XOM: vitrification
 14848 | Lair:1   | XOM: god gift: slice of pizza
 15049 | Lair:2   | XOM: divine lightning
 15055 | Lair:2   | XOM: swap monsters
 15121 | Lair:2   | XOM: summons 5 friendly demons
 15202 | Lair:2   | XOM: god gift: hardcover book {god gift}
 15287 | Lair:2   | XOM: 1-stop teleportation journey
 15583 | Lair:2   | XOM: harmless Conj miscast
 15929 | Lair:2   | Noticed an eight-headed hydra
 15931 | Lair:2   | XOM: harmless Necr miscast
 15945 | Lair:2   | XOM: silly message
 15947 | Lair:2   | XOM: potion effect (berserk rage)
 15948 | Lair:2   | XOM: potion effect (invisibility)
 15949 | Lair:2   | XOM: potion effect (invisibility)
 15951 | Lair:2   | XOM: potion effect (might)
 15952 | Lair:2   | Killed an eight-headed hydra
 16027 | Lair:2   | XOM: mild Conj miscast
 16360 | Lair:2   | Noticed a seven-headed hydra
 16366 | Lair:2   | Killed a seven-headed hydra
 16845 | Lair:2   | XOM: harmless Ice miscast
 16974 | Lair:3   | XOM: mild Tloc miscast
 17005 | Lair:3   | XOM: cast spell 'Beastly Appendage'
 17097 | Lair:3   | Found a frozen archway.
 17110 | IceCv    | Entered an ice cave
 17233 | IceCv    | XOM: butterfly on damage
 17234 | IceCv    | XOM: potion effect (heal wounds)
 17237 | IceCv    | XOM: blink monster(s)
 17239 | IceCv    | XOM: harmless Conj miscast
 17240 | IceCv    | Reached XP level 13. HP: 14/118 MP: 4/13
 17242 | IceCv    | Slain by a spriggan simulacrum

Action                   |  1- 3 |  4- 6 |  7- 9 | 10-12 | 13-15 || total
-------------------------+-------+-------+-------+-------+-------++-------
Melee: Unarmed           |   175 |   250 |   369 |   973 |     1 ||  1768
 Abil: Breathe Fire      |       |       |    13 |    21 |       ||    34
Evoke: Wand              |       |       |     1 |     5 |       ||     6
  Use: Potion            |       |     1 |     2 |     3 |     1 ||     7
       Scroll            |       |       |    13 |     9 |       ||    22
 Stab: Sleeping          |       |     1 |     1 |    14 |       ||    16
       Distracted        |       |       |     1 |     2 |       ||     3
       Paralysed         |       |       |       |     1 |       ||     1
       Invisible         |       |       |       |     3 |       ||     3
  Eat: Chunk             |       |     8 |    16 |    42 |       ||    66
       Fruit             |       |       |     1 |       |       ||     1
       Pizza             |       |       |     1 |       |       ||     1
